 Dungeon Crawl Stone Soup version 0.23.0 (webtiles) character file.

Game seed: 9529587016036661503

39 Borgoz the Sneak (level 3, 0/22 HPs)
             Began as a Kobold Assassin on Feb 16, 2019.
             Succumbed to an adder's poison
             ... on level 3 of the Dungeon.
             The game lasted 00:01:51 (1322 turns).

Borgoz the Sneak (Kobold Assassin)                  Turns: 1322, Time: 00:01:51

Health: 0/22       AC:  3    Str: 10    XL:     3   Next: 67%
Magic:  2/2        EV: 15    Int: 12    God:
Gold:   54         SH:  0    Dex: 17    Spells: 2/2 levels left

rFire    . . .     SeeInvis +   a - +2 dagger
rCold    . . .     Gourm    .   (shield restricted)
rNeg     . . .     Faith    .   c - +0 robe
rPois    .         Spirit   .   (no helmet)
rElec    .         Reflect  .   d - +0 cloak
rCorr    .         Harm     .   (no gloves)
MR       .....                  (no boots)
Stlth    +++.......             (no amulet)
HPRegen  0.07/turn              l - ring of see invisible
MPRegen  0.08/turn              (no ring)

@: lethally poisoned (0 -> -8)
A: small, blurry vision 1, carnivore, low mp 1, mutation resistance 1, strong 1
a: no special abilities


You were on level 3 of the Dungeon.
You were full.

You visited 1 branch of the dungeon, and saw 3 of its levels.

You collected 54 gold pieces.

Inventory:

Hand Weapons
 a - a +2 dagger (weapon)
 b - a +0 blowgun
Missiles
 e - 6 poisoned needles
 f - 2 curare-tipped needles
Armour
 c - a +0 robe (worn)
 d - a +0 cloak (worn)
Jewellery
 l - a ring of see invisible (left hand)
Scrolls
 i - 3 scrolls of identify {unknown}
 j - a scroll of blinking {unknown}
 m - a scroll of random uselessness {unknown}
 n - a scroll of remove curse {unknown}
Potions
 h - a potion of haste
Comestibles
 g - 3 rations


   Skills:
 + Level 2.5 Fighting
 * Level 3.6 Short Blades
 - Level 2.1 Throwing
 + Level 1.9 Dodging
 * Level 6.0 Stealth


You had 2 spell levels left.
You didn't know any spells.
Your spell library was empty.

Dungeon Overview and Level Annotations

Branches:
Dungeon (3/15)

Altars:


Innate Abilities, Weirdness & Mutations

You are small and have problems with some larger weapons.
You are carnivorous and can eat meat at any time.
Scrolls take you a little longer to read.
Your magical capacity is low. (-10% MP)
You are somewhat resistant to further mutation.
Your muscles are strong. (Str +2)


Message History

The adder bites you but does no damage.
You hit the adder.
The adder is almost dead.
* * * LOW HITPOINT WARNING * * *
You feel sick. The adder barely misses you.
You barely miss the adder.
The adder is almost dead.
The adder bites you.
* * * LOW HITPOINT WARNING * * *
It was a potion of mutation.
You feel extremely strange.
You feel less energetic.
Your vision blurs.
You feel genetically stable.
You feel stronger.
* * * LOW HITPOINT WARNING * * *
You feel sick. The adder completely misses you.
You hit the adder.
You kill the adder!
Your Stealth skill increases to level 6!
Okay, then.
Okay, then.
You die... # ##########.# .......@<..# ############

There were no monsters in sight!

Vanquished Creatures
  2 adders
  A dart slug (D:1)
  2 leopard geckos (D:1)
  2 bats (D:1)
  2 giant cockroaches (D:1)
  2 goblins (D:1)
  A ball python (D:1)
  3 frilled lizards (D:1)
  4 kobolds (D:1)
19 creatures vanquished.

Notes
Turn   | Place    | Note
-------+----------+-------------------------------------------
     0 | D:1      | Borgoz the Kobold Assassin began the quest for the Orb.
     0 | D:1      | Reached XP level 1. HP: 12/12 MP: 1/1
   251 | D:1      | Reached XP level 2. HP: 17/17 MP: 2/2
   693 | D:1      | Reached XP level 3. HP: 14/22 MP: 3/3
   930 | D:1      | HP: 1/22 [poisoned by an adder]
  1320 | D:3      | Gained mutation: Your magical capacity is low. (-10% MP)
                  | [potion of mutation]
  1320 | D:3      | Gained mutation: Scrolls take you a little longer to read.
                  | [potion of mutation]
  1320 | D:3      | Gained mutation: You are somewhat resistant to further
                  | mutation. [potion of mutation]
  1320 | D:3      | Gained mutation: Your muscles are strong. (Str +2) [potion
                  | of mutation]
  1320 | D:3      | HP: 1/22 [poisoned by an adder]
  1321 | D:3      | Reached skill level 6 in Stealth
  1322 | D:3      | Succumbed to an adder's poison

Skill      XL: |  1  2  3 |
---------------+----------+-----
Short Blades   | 3 |  3.6
Stealth        | 6 |  6.0
Fighting       | |  2.5
Throwing       | |  2.1
Dodging        | |  1.9

Action                   || total
-------------------------++-------
Melee: Dagger            ||    56
 Fire: Blowgun           ||     2
  Use: Potion            ||     2
 Stab: Sleeping          ||     8
  Eat: Chunk             ||     6
Armor: Robe              ||     6
Dodge: Dodged            ||    36
